 Dungeon Crawl Stone Soup version 0.29.0-4-gdea44cf6ec (webtiles) character file.

Game seed: 9724528253965509656

80 ImASeal the Fighter (level 4, 0/45 HPs)
             Began as a Gnoll Wanderer on Aug 27, 2022.
             Was a Believer of Ru.
             Slain by an orc priest
             ... wielding a +0 hand axe
              (5 damage)
             ... on level 3 of the Dungeon.
             The game lasted 00:11:00 (2318 turns).

ImASeal the Fighter (Gnoll Wanderer)                Turns: 2318, Time: 00:11:00

Health: 0/45       AC:  2    Str:  9    XL:     4   Next: 39%
Magic:  6/13       EV: 12    Int: 11    God:    Ru [**....]
Gold:   62         SH:  0    Dex: 16    Spells: 16/17 levels left

rFire   . . .      SeeInvis .   a - +1 long sword
rCold   . . .      Faith    .   (no shield)
rNeg    . . .      Spirit   .   c - +0 robe
rPois   .          Reflect  .   (no helmet)
rElec   .          Harm     .   (no cloak)
rCorr   .          Rampage  .   (no gloves)
Will    .....                   (no boots)
Stlth   ++........              (no amulet)
HPRegen 0.15/turn               (no ring)
MPRegen 0.13/turn               (no ring)

@: very slightly contaminated
A: fangs 1, hated by all, strong nose, distributed training
a: Renounce Religion


You were on level 3 of the Dungeon.
You worshipped Ru.
Ru was pleased with you.
You visited 1 branch of the dungeon, and saw 3 of its levels.

You collected 62 gold pieces.

Inventory:

Hand Weapons
 a - a +1 long sword (weapon)
Armour
 c - a +0 robe (worn)
Wands
 k - a wand of roots (5)
Scrolls
 f - 2 scrolls of summoning {unknown}
 g - 4 scrolls of amnesia
 h - a scroll of immolation {unknown}
 i - a scroll of teleportation {unknown}
 j - a scroll of noise {unknown}
 m - a scroll of enchant weapon {unknown}
 n - a scroll of identify {unknown}
Potions
 b - a potion of attraction
 d - 2 potions of flight {unknown}
 e - a potion of might {unknown}
 l - a potion of berserk rage {unknown}
 o - a potion of curing {unknown}


   Skills:
 + Level 8.6 Fighting
 + Level 1.2 Short Blades
 + Level 4.6 Long Blades
 + Level 1.2 Axes
 + Level 1.2 Maces & Flails
 + Level 1.2 Polearms
 + Level 1.2 Staves
 + Level 1.2 Ranged Weapons
 + Level 1.2 Throwing
 + Level 1.2 Armour
 + Level 1.2 Dodging
 + Level 1.2 Stealth
 + Level 1.2 Shields
 + Level 1.2 Unarmed Combat
 + Level 7.2 Spellcasting
 + Level 1.0 Conjurations
 + Level 1.0 Hexes
   Level 0.0 Summonings
 + Level 1.0 Necromancy
 + Level 1.0 Translocations
 + Level 1.0 Transmutations
 + Level 1.0 Fire Magic
 + Level 1.0 Ice Magic
 + Level 1.0 Air Magic
 + Level 1.0 Earth Magic
 + Level 1.0 Poison Magic
 + Level 2.9 Invocations
 + Level 1.2 Evocations


You had 16 spell levels left.
You knew the following spells:

 Your Spells              Type           Power      Damage    Failure   Level
a - Shock                 Conj/Air       24%        1d4       12%         1

Your spell library contained the following spells:

 Spells                   Type           Power      Damage    Failure   Level
 Blink                    Tloc           12%        N/A       17%         2
 Lesser Beckoning         Tloc           6%         N/A       34%         3
 Mephitic Cloud           Conj/Pois/Air  6%         N/A       34%         3
 Manifold Assault         Tloc           6%         N/A       97%         5


Dungeon Overview and Level Annotations

Branches:
Dungeon (3/15)

Altars:
Ru


Innate Abilities, Weirdness & Mutations

You have very sharp teeth.
You are hated by all.
Your uncanny sense of smell can sniff out nearby items.
Your experience applies equally to all skills.


Message History

You hit the orc.
You kill the orc!
The orc hits you with a +0 short sword.
You focus your inner power and illuminate the orc in retribution!
You hit the orc but do no damage.
The orc is heavily wounded.
You hit the orc. Your bite misses the orc.
The orc is almost dead.
You redirect the orc's attack!
The orc hits itself but does no damage.
The orc priest closely misses you.
You catch the helpless orc completely off-guard!
You slash the orc!
You kill the orc!
You slash the orc priest!
The orc priest is severely wounded.
The orc priest invokes the aid of Beogh against you.
Beogh smites you!
* * * LOW HITPOINT WARNING * * *
The orc priest barely misses you.
You slash the orc priest!
You kill the orc priest!
Your Conjurations skill increases to level 1!
Your Hexes skill increases to level 1!
Your Necromancy skill increases to level 1!
Your Translocations skill increases to level 1!
Your Transmutations skill increases to level 1!
Your Fire Magic skill increases to level 1!
Your Ice Magic skill increases to level 1!
Your Air Magic skill increases to level 1!
Your Earth Magic skill increases to level 1!
Your Poison Magic skill increases to level 1!
You have reached level 4!
You feel clever.
Okay, then.
You hit the orc priest. Your bite misses the orc priest.
The orc priest is moderately wounded.
A bat comes into view.
The orc priest barely misses you.
The orc priest hits you with a +0 hand axe.
You die...

... #..# ## .... ..#.
... .... ..# ....# ###)#
#...####)o.# #####
#.#..#..@###.)# #...##
#........(...#
.....#####.....#.#......
...........##.##.#.....#
(.....#### #.##.# .....
....<.# #....# ...##
.....## ###..# ...#
#...### #.##....#
##....## ###.......#


You could see an orc priest.

Vanquished Creatures
  An orc priest (D:3)
  An adder (D:2)
  3 orcs (D:3)
  3 bats
  4 endoplasms
  2 giant cockroaches
  3 goblins
  3 hobgoblins
  2 quokkas (D:1)
  2 ball pythons
  4 frilled lizards
  6 kobolds
  6 rats
40 creatures vanquished.

Notes
Turn   | Place    | Note
-------+----------+-------------------------------------------
     0 | D:1      | ImASeal the Gnoll Wanderer began the quest for the Orb.
     0 | D:1      | ImASeal set off with the following items: a +1 long sword,
                  | a potion of attraction, a +0 robe; and the following spell
                  | memorised: Shock; and the following spells available to
                  | memorise: Mephitic Cloud.
     0 | D:1      | Reached XP level 1. HP: 26/26 MP: 8/8
   324 | D:1      | Reached XP level 2. HP: 33/33 MP: 10/10
   702 | D:1      | Found a faded altar of an unknown god.
   709 | D:1      | Prayed at the altar of an unknown god.
   709 | D:1      | Became a worshipper of Ru the Awakened
   751 | D:1      | Gained mutation: You are hated by all. [Ru sacrifice]
   751 | D:1      | Reached * piety under Ru
   751 | D:1      | Reached ** piety under Ru
  1264 | D:2      | Reached XP level 3. HP: 38/38 MP: 11/11
  2308 | D:3      | Reached skill level 1 in Short Blades
  2308 | D:3      | Reached skill level 1 in Axes
  2308 | D:3      | Reached skill level 1 in Maces & Flails
  2308 | D:3      | Reached skill level 1 in Polearms
  2308 | D:3      | Reached skill level 1 in Staves
  2308 | D:3      | Reached skill level 1 in Ranged Weapons
  2308 | D:3      | Reached skill level 1 in Throwing
  2308 | D:3      | Reached skill level 1 in Armour
  2308 | D:3      | Reached skill level 1 in Dodging
  2308 | D:3      | Reached skill level 1 in Stealth
  2308 | D:3      | Reached skill level 1 in Shields
  2308 | D:3      | Reached skill level 1 in Unarmed Combat
  2308 | D:3      | Reached skill level 1 in Evocations
  2318 | D:3      | Reached skill level 1 in Conjurations
  2318 | D:3      | Reached skill level 1 in Hexes
  2318 | D:3      | Reached skill level 1 in Necromancy
  2318 | D:3      | Reached skill level 1 in Translocations
  2318 | D:3      | Reached skill level 1 in Transmutations
  2318 | D:3      | Reached skill level 1 in Fire Magic
  2318 | D:3      | Reached skill level 1 in Ice Magic
  2318 | D:3      | Reached skill level 1 in Air Magic
  2318 | D:3      | Reached skill level 1 in Earth Magic
  2318 | D:3      | Reached skill level 1 in Poison Magic
  2318 | D:3      | Reached XP level 4. HP: 5/45 MP: 5/13
  2318 | D:3      | Slain by an orc priest

Illustrated notes

Levels and vault maps discovered:
D:1:      matt_arrival_grand_opening, layout_loops_ring,
          dilly_ecumenical_altar_fadedgnrine
D:2:      layout_basic, minmay_pentomino_v4
D:3:      layout_rooms, okawaru_trees_2, serial_shops,
          nicolae_shop_bloodbath_and_beyond, guppyfry_early_lair_pool,
          uniq_terence, uniq_ijyb

Skill      XL: |  1  2  3 |
---------------+----------+-----
Short Blades   | 1 |  1.2
Axes           | 1 |  1.2
Maces & Flails | 1 |  1.2
Polearms       | 1 |  1.2
Staves         | 1 |  1.2
Ranged Weapons | 1 |  1.2
Throwing       | 1 |  1.2
Armour         | 1 |  1.2
Dodging        | 1 |  1.2
Stealth        | 1 |  1.2
Shields        | 1 |  1.2
Unarmed Combat | 1 |  1.2
Evocations     | 1 |  1.2
Conjurations   | 1 |  1.0
Hexes          | 1 |  1.0
Necromancy     | 1 |  1.0
Translocations | 1 |  1.0
Transmutations | 1 |  1.0
Fire Magic     | 1 |  1.0
Ice Magic      | 1 |  1.0
Air Magic      | 1 |  1.0
Earth Magic    | 1 |  1.0
Poison Magic   | 1 |  1.0
Fighting       | |  8.6
Long Blades    | |  4.6
Spellcasting   | |  7.2
Invocations    | |  2.9

Action                   |  1- 3 |  4- 6 || total
-------------------------+-------+-------++-------
Melee: Long sword        |   127 |     1 ||   128
       Bite              |    19 |       ||    19
       Punch             |     2 |       ||     2
 Cast: Shock             |     4 |       ||     4
Invok: Sacrifice Love    |     1 |       ||     1
  Use: Scroll            |     1 |       ||     1
 Stab: Sleeping          |     2 |       ||     2
       Distracted        |     1 |       ||     1
       Invisible         |     1 |       ||     1
Armor: Robe              |    29 |       ||    29
Dodge: Dodged            |    70 |     1 ||    71
